 Dungeon Crawl Stone Soup version 0.27-a0-860-gaf99fae3ca (webtiles) character file.

Game seed: 4140996050045932539

23 DarkShadow the Shield-Bearer (level 2, -2/27 HPs)
             Began as a Minotaur Fighter on Apr 1, 2021.
             Slain by Natasha (8 damage)
             ... on level 2 of the Dungeon.
             The game lasted 00:02:39 (1085 turns).

DarkShadow the Shield-Bearer (Minotaur Fighter)     Turns: 1085, Time: 00:02:39

Health: -2/27      AC:  8    Str: 20    XL:     2   Next: 75%
Magic:  1/1        EV:  5    Int:  5    God:
Gold:   66         SH: 14    Dex:  9    Spells: 1/1 levels left

rFire    . . .     SeeInvis .   a - +0 war axe
rCold    . . .     Faith    .   j - +0 tower shield
rNeg     . . .     Spirit   .   b - +0 scale mail
rPois    .         Reflect  .   (helmet restricted)
rElec    .         Harm     .   (no cloak)
rCorr    .         Rampage  .   i - +0 pair of gloves
Will     .....                  (no boots)
Stlth    ..........             (no amulet)
HPRegen  0.09/turn              (no ring)
MPRegen  0.07/turn              (no ring)

@: no status effects
A: horns 2, retaliatory headbutt
a: no special abilities


You were on level 2 of the Dungeon.
You visited 1 branch of the dungeon, and saw 2 of its levels.

You collected 66 gold pieces.

Inventory:

Hand Weapons
 a - a +0 war axe (weapon)
Missiles
 h - 4 curare-tipped darts (quivered)
Armour
 b - a +0 scale mail (worn)
 c - a +0 kite shield
 i - a +0 pair of gloves (worn)
 j - a +0 tower shield (worn)
Scrolls
 e - a scroll of identify {unknown}
 f - a scroll of magic mapping {unknown}
 g - a scroll of enchant armour {unknown}
Potions
 d - a potion of might


   Skills:
 + Level 4.0 Fighting
 + Level 2.7 Axes
 + Level 3.9 Armour
 + Level 4.1 Shields


You had one spell level left.
You didn't know any spells.
Your spell library was empty.

Dungeon Overview and Level Annotations

Branches:
Dungeon (2/15)

Altars:

Shops:
D:1 =

Annotations:
D:2 Natasha


Innate Abilities, Weirdness & Mutations

You have a pair of horns on your head.
You reflexively headbutt those who attack you in melee.


Message History

You climb downwards.
A goblin and Natasha come into view.
Natasha hisses angrily.
There is a stone staircase leading up here.
Found an escape hatch in the ceiling.
You closely miss the goblin.
Natasha casts a spell.
The goblin hits you with a +0 dagger.
You barely miss the goblin. Your headbutt misses the goblin.
You block the goblin's attack. The goblin barely misses you.
You closely miss the goblin. Your headbutt misses the goblin.
You block the goblin's attack. The goblin hits you but does no damage.
Natasha mumbles some strange words.
You closely miss the goblin.
Natasha drinks a potion.
Natasha suddenly seems more resistant.
You block the goblin's attack.
Natasha mumbles some strange words.
The goblin hits you but does no damage.
You closely miss the goblin.
The crimson imp blinks!
You block the goblin's attack. The goblin hits you but does no damage.
You closely miss the goblin.
The crimson imp blinks!
The crimson imp puffs mist at you.
The crimson imp blinks!
The goblin hits you with a +0 dagger. You block the goblin's attack.
You closely miss the goblin. Your headbutt misses the goblin.
You hit the iron imp but do no damage. The iron imp hits you.
The goblin hits you with a +0 dagger. The iron imp hits you.
You slash the goblin!
You kill the goblin!
You hit the iron imp but do no damage.
The crimson imp disappears for a moment.
The iron imp closely misses you. You block Natasha's attack.
Your Fighting skill increases to level 4!
You closely miss Natasha. You hit the iron imp but do no damage.
You block Natasha's attack. The iron imp hits you. x2
* * * LOW HITPOINT WARNING * * *
Natasha barely misses you.
You closely miss Natasha. You hit the iron imp but do no damage.
The crimson imp disappears in a puff of smoke!
Natasha claws you!
You die...

## ##. .#.
<. ### ##
#.#.... # #.
....#
#..#.##5.#
#..5h@.#
......ยง####
......#
..###. # #


You could see an iron imp (summoned), Natasha (resistant) and a crimson imp
(summoned).

Vanquished Creatures
  2 dart slugs (D:1)
  An endoplasm (D:1)
  3 goblins
  3 hobgoblins (D:1)
  3 kobolds (D:1)
  A ball python (D:1)
  2 bats (D:1)
  2 frilled lizards (D:1)
  3 rats (D:1)
20 creatures vanquished.

Notes
Turn   | Place    | Note
-------+----------+-------------------------------------------
     0 | D:1      | DarkShadow the Minotaur Fighter began the quest for the
                  | Orb.
     0 | D:1      | Reached XP level 1. HP: 19/19 MP: 0/0
    91 | D:1      | Reached XP level 2. HP: 27/27 MP: 1/1
   748 | D:1      | Found Buuweik's Jewellery Emporium.
  1074 | D:2      | Noticed Natasha
  1077 | D:2      | Noticed a crimson imp
  1080 | D:2      | Noticed a crimson imp
  1085 | D:2      | Slain by Natasha

Illustrated notes

Levels and vault maps discovered:
D:1:      lemuel_arrival_broad_hall, layout_basic, serial_shops, shop,
          minivault_26
D:2:      layout_rooms, ebering_ecumenical_altar_webs, minmay_goblin_outpost,
          uniq_terence, uniq_natasha, uniq_sigmund

Skill      XL: |  1  2 |
---------------+-------+-----
Shields        | 4 |  4.1
Fighting       | 4 |  4.0
Axes           | |  2.7
Armour         | |  3.9

Action                   || total
-------------------------++-------
Melee: War axe           ||    51
       Headbutt          ||     2
Armor: Scale mail        ||    17
Dodge: Dodged            ||    14
Block: Kite shield       ||    16
       Tower shield      ||     7

Table legend: (Time is in decaauts)
 A = Elapsed time spent in this place.
 B = Non-inter-level travel time spent in this place.
 C = Inter-level travel time spent in this place.
 D = Time resting spent in this place.
 E = Time spent auto-exploring this place.
 F = Levels seen in this place.
 G = Mean time per level.
                   A        B        C        D        E       F      G
               +--------+--------+--------+--------+--------+-----+--------+
         Total |   1117 |   1111 |      6 |    183 |    570 |   2 |  558.5 |
       Dungeon |   1117 |   1111 |      6 |    183 |    570 |   2 |  558.5 |
               +--------+--------+--------+--------+--------+-----+--------+

Top non-repeatable levels by time:
     D:1: 1098 daAuts
     D:2: 18 daAuts
